 Dungeon Crawl Stone Soup version 0.19.0-2-gae57169 (webtiles) character file.

104661 Monkfish the Unseen (level 16, -6/107 HPs)
             Began as a Kobold Berserker on Nov 4, 2016.
             Was a Priest of Trog.
             Killed from afar by a starcursed mass (18 damage)
             ... with an accursed screaming
             ... on level 2 of the Abyss.
             The game lasted 01:33:42 (24611 turns).

Monkfish the Unseen (Kobold Berserker)             Turns: 24611, Time: 01:33:43

Health: -6/107     AC: 24    Str: 21    XL:     16   Next: 93%
Magic:  0/5        EV: 25    Int:  8    God:    Trog [***...]
Gold:   1760       SH:  9    Dex: 19    Spells: 0 memorised, 15 levels left

rFire  + . .     SeeInvis .     C - +2 short sword (antimagic)
rCold  . . .     Gourm    .     k - +8 ring mail "Vayl" {rPois rN+ Str+4 Stlth+}
rNeg   + + .     Faith    .     r - +2 buckler
rPois  +         Spirit   +     N - +2 helmet "Wakesh" {+Inv rPois Regen+}
rElec  .         Reflect  .     B - +2 cloak {rF+}
rCorr  .         Harm     .     s - +2 pair of gloves
MR     +++..                    (no boots)
Stlth  +++++++++.               e - amulet of guardian spirit
                                J - ring of positive energy
                                G - ring of stealth

@: regenerating
A: carnivore 3
a: Berserk, Trog's Hand, Burn Spellbooks, Renounce Religion, Evoke Invisibility


You were on level 2 of the Abyss.
You worshipped Trog.
Trog was most pleased with you.
You were full.

You visited 4 branches of the dungeon, and saw 24 of its levels.
You visited the Abyss 2 times.
You also visited: Labyrinth and Volcano.

You collected 2178 gold pieces.
You spent 418 gold pieces at shops.

Inventory:

Hand Weapons
 m - a +5 short sword of venom
 q - a +0 dagger of holy wrath
 z - a +2 scimitar of flaming
 C - a +2 antimagic short sword (weapon)
Missiles
 P - 4 silver tomahawks (quivered)
Armour
 k - the +8 ring mail "Vayl" (worn) {rPois rN+ Str+4 Stlth+}
   (You found it on level 6 of the Dungeon)

   It affects your strength (+4).
   It protects you from poison.
   It protects you from negative energy.
   It makes you more stealthy.
 r - a +2 buckler (worn)
 s - a +2 pair of gloves (worn)
 y - the +0 ring mail "Likhlost" {rCorr Str+7}
   (You found it on level 9 of the Dungeon)

   It affects your strength (+7).
   It protects you from acid and corrosion.
 B - a +2 cloak of fire resistance (worn)
 N - the +2 helmet "Wakesh" (worn) {+Inv rPois Regen+}
   (You found it in a labyrinth)

   It protects you from poison.
   It lets you turn invisible.
   It increases your rate of regeneration.
Jewellery
 a - a +5 ring of intelligence {unknown}
 e - an amulet of guardian spirit (around neck)
 G - a ring of stealth (left hand)
 J - a ring of positive energy (right hand)
 K - an uncursed ring of protection from cold
Wands
 b - a wand of lightning (7/15)
 j - a wand of flame (22/48)
 n - a wand of iceblast (1/15)
 w - a wand of digging (4/24)
 A - a wand of disintegration (17/24)
 E - a wand of slowing (18/48)
 H - a wand of acid (3/15)
Scrolls
 f - 8 scrolls of remove curse
 g - 10 scrolls of identify
 h - a scroll of blinking
 D - a scroll of fog
Potions
 i - 3 potions of flight
 o - a potion of resistance
 p - 3 potions of curing
 v - 3 potions of haste
 I - a potion of agility
Miscellaneous
 x - a lamp of fire (inert)
 F - a box of beasts
 L - a phantom mirror
Comestibles
 c - 3 meat rations
 l - 2 beef jerkies
 t - a slice of pizza
 u - 11 royal jellies


   Skills:
 + Level 14.7 Fighting
 + Level 17.5 Short Blades
 - Level 6.1 Armour
 * Level 13.9 Dodging
 + Level 19.7 Stealth
 - Level 5.6 Shields
 + Level 2.1 Evocations


You had 15 spell levels left.
You didn't know any spells.

Dungeon Overview and Level Annotations

Branches:
Dungeon (15/15)            Temple (0/1) D:7            Lair (6/6) D:8
  Swamp (0/4) Lair:2       Spider (0/4) Lair:3        Slime (0/5) Lair:5
    Orc (2/2) D:10            Elf (1/3) Orc:2        Vaults (0/5) D:14
 Depths (0/5) D:15

Altars:
Ashenzari
Dithmenos
Fedhas
Kikubaaqudgha
Nemelex Xobeh
Okawaru
Qazlal
Uskayaw
Xom
Yredelemnul
The Shining One
Jiyva

Shops:
D:6 ?:   D:8 :   D:13 (%   D:14 !   D:15 ?}   Orc:2 ?[[*

Annotations:
Lair:3 exclusion: 4 elephants
Lair:6 exclusion: oklob plant


Innate Abilities, Weirdness & Mutations

You are small and have problems with some larger weapons.
You are carnivorous and can eat meat at any time.


Message History

You suddenly lose the ability to move!
The starcursed mass barely misses you.
A cacophony of accursed wailing tears at your sanity!
* * * LOW HITPOINT WARNING * * *
You shrug off the repeated paralysis!
A starcursed mass splits.
The starcursed mass engulfs you but does no damage.
You can move again.
The starcursed mass closely misses you.
A starcursed mass splits. x2
A cacophony of accursed wailing tears at your sanity!
* * * LOW HITPOINT WARNING * * *
You suddenly lose the ability to move!
The starcursed mass barely misses you.
The starcursed mass engulfs you but does no damage.
You can move again.
An orange demon comes into view.
A cacophony of accursed wailing tears at your sanity!
* * * LOW HITPOINT WARNING * * *
Unknown command.
A cacophony of accursed wailing tears at your sanity!
You die...

≈≈≈≈≈≈≈≈≈≈≈≈≈≈♣≈≈.
≈##≈≈≈≈≈≈≈≈≈≈≈♣≈≈≈
#.≈≈≈≈≈≈≈x.≈≈≈≈≈
≈#.#≈.#≈X≈X.≈≈≈.≈
####.##X.X.#≈≈#≈
####.XXXX.##...
#....#.X..#.#...
#..#...XX#.....#
..###.##@###.#. .
##.#....# ...
####..#.# # ..#.##
#.. . .4. .# §#..
#. #.### #


You could see 11 starcursed masses, an orange demon (wandering) and a small
abomination.

Vanquished Creatures
  Rupert (Orc:2)
  A tentacled starspawn (Abyss:3)
  A cacodemon (Abyss:3)
  The ghost of spiff the Bludgeoner, a journeyman OgMo of Yredelemnul (Lair:1)
  A minotaur (Lab)
  2 blizzard demons (Abyss:3)
  4 hydras
  3 catoblepae (Lair:6)
  11 death yaks (Lair:6)
  3 ogre magi
  5 centaur warriors
  An orc high priest (Orc:1)
  A tengu warrior (D:15)
  Sonja (Orc:2)
  A wretched star (Abyss:3)
  3 unseen horrors
  A storm dragon skeleton (Abyss:2)
  2 deep trolls
  3 wizards
  10 hill giants
  10 ugly things
  5 deep elf magi
  An orc knight (Orc:1)
  3 cyclopes
  2 worldbinders (Abyss:2)
  3 orc sorcerers
  A manticore (D:11)
  5 elephants (Lair:6)
  A torpor snail (Lair:6)
  A naga mage (D:15)
  5 smoke demons
  A gargoyle (D:13)
  6 black mambas
  7 centaur skeletons
  13 spiny frogs
  A rime drake (Lair:2)
  A kobold demonologist (D:12)
  An efreet (D:12)
  7 komodo dragons
  An ancient zyme (Abyss:3)
  A harpy zombie (Abyss:3)
  A queen bee (D:14)
  2 tengu conjurers (D:13)
  A hornet (D:10)
  6 meliai (D:14)
  14 trolls
  8 two-headed ogres
  2 large abominations (Abyss:3)
  2 minotaur skeletons (Lab)
  2 polar bears (Lair:6)
  5 raiju (Abyss:3)
  2 slime creatures (D:14)
  Prince Ribbit (D:7)
  3 blink frogs (Lair:5)
  10 hippogriffs
  A centaur simulacrum (D:14)
  A shadow (D:11)
  A wraith (D:14)
  A ynoxinul (Abyss:3)
  6 fire bats
  80 yaks
  Sigmund (D:6)
  5 wyverns
  A golden eye (Abyss:2)
  5 basilisks
  2 chaos spawn (Abyss:3)
  Menkaure (D:7)
  7 hungry ghosts
  A warg (Orc:1)
  A mottled dragon (D:8)
  3 small abominations
  9 water moccasins
  A water moccasin (shapeshifter) (D:14)
  6 porcupines
  3 ice beasts
  13 orc warriors
  2 sky beasts
  A black bear (Lair:3)
  3 necrophages
  31 ogres
  A phantom (D:11)
  16 centaurs
  11 crocodiles
  Blork the orc (D:5)
  13 bullfrogs
  2 big kobolds
  A wyvern skeleton (D:13)
  2 scorpions
  35 killer bees
  18 wights
  4 howler monkeys
  7 crimson imps
  2 bullfrog zombies
  9 hounds
  5 quasits
  2 centaur zombies
  A jelly (D:12)
  18 orc priests
  10 orc wizards
  A bullfrog skeleton (D:13)
  2 iron imps
  9 iguanas
  16 worker ants
  A hound skeleton (D:7)
  A howler monkey zombie (D:11)
  8 gnolls
  10 adders
  6 shadow imps
  An ufetubus (Abyss:3)
  An adder skeleton (D:7)
  2 worms (D:2)
  2 dart slugs
  7 leopard geckos
  62 orcs
  2 ball pythons
  8 bats
  2 giant cockroaches (D:5)
  8 goblins
  6 hobgoblins
  2 jackals (D:11)
  4 quokkas
  4 frilled lizards
  16 kobolds
  A leopard gecko skeleton (D:6)
  A quokka skeleton (D:8)
  4 rats
  A fungus (Lair:2)
723 creatures vanquished.

Vanquished Creatures (collateral kills)
  A hydra (Lair:2)
  2 death yaks (Lair:6)
  2 yaks (Lair:6)
  2 killer bees (D:14)
7 creatures vanquished.

Vanquished Creatures (others)
  4 plants
  2 starspawn tentacles (Abyss:3)
6 creatures vanquished.

Grand Total: 736 creatures vanquished

Notes
Turn   | Place    | Note
-------+----------+-------------------------------------------
     0 | D:1      | Monkfish the Kobold Berserker began the quest for the Orb.
     0 | D:1      | Reached XP level 1. HP: 14/14 MP: 1/1
   204 | D:1      | Reached skill level 1 in Stealth
   204 | D:1      | Reached XP level 2. HP: 8/19 MP: 2/2
   597 | D:2      | Reached skill level 2 in Stealth
   597 | D:2      | Reached XP level 3. HP: 10/23 MP: 0/3
   636 | D:2      | Found a shimmering altar of Xom.
  1006 | D:2      | Reached ** piety under Trog
  1019 | D:2      | Reached XP level 4. HP: 12/29 MP: 1/4
  1231 | D:2      | Reached skill level 3 in Stealth
  1309 | D:2      | Reached skill level 5 in Short Blades
  1656 | D:3      | Reached XP level 5. HP: 33/33 MP: 5/5
  1995 | D:3      | Reached skill level 4 in Stealth
  2171 | D:4      | Reached XP level 6. HP: 31/38 MP: 3/6
  2174 | D:4      | Noticed a dagger
  2177 | D:4      | Noticed a dagger
  2194 | D:4      | Found a hide-covered altar of Uskayaw.
  2272 | D:4      | Noticed an ogre
  2282 | D:4      | Killed an ogre
  2282 | D:4      | Reached skill level 5 in Stealth
  2507 | D:4      | Reached XP level 7. HP: 44/44 MP: 7/7
  2520 | D:5      | Entered Level 5 of the Dungeon
  2566 | D:5      | Reached skill level 5 in Fighting
  2736 | D:5      | Noticed Blork the orc
  2769 | D:5      | Killed Blork the orc
  2769 | D:5      | Reached skill level 6 in Stealth
  2888 | D:5      | Reached XP level 8. HP: 35/50 MP: 5/8
  3593 | D:6      | Reached skill level 7 in Stealth
  3624 | D:6      | Noticed Sigmund
  3683 | D:6      | Found Ynymp's Book Emporium.
  3740 | D:6      | Killed Sigmund
  3752 | D:6      | Found Mudoifful's Magic Scroll Boutique.
  3761 | D:6      | Got a bronze ring mail
  3764 | D:6      | Bought a scroll of enchant weapon for 97 gold pieces
  3764 | D:6      | Bought a scroll of enchant weapon for 97 gold pieces
  3776 | D:6      | Identified the +8 ring mail "Vayl" {rPois rN+ Str+4 Stlth+} (You found it on level 6 of the Dungeon)
  3832 | D:6      | Found a sparkling altar of Nemelex Xobeh.
  3931 | D:6      | Reached *** piety under Trog
  3931 | D:6      | Reached skill level 8 in Stealth
  3939 | D:6      | Reached skill level 10 in Short Blades
  3939 | D:6      | Reached XP level 9. HP: 49/56 MP: 7/9
  3962 | D:6      | Found a glowing golden altar of the Shining One.
  4288 | D:7      | Reached skill level 9 in Stealth
  4400 | D:7      | Found a basalt altar of Yredelemnul.
  4427 | D:7      | Found an ancient bone altar of Kikubaaqudgha.
  4466 | D:7      | Found a staircase to the Ecumenical Temple.
  4726 | D:7      | Noticed Menkaure
  4734 | D:7      | Killed Menkaure
  4734 | D:7      | Reached skill level 10 in Stealth
  4793 | D:7      | Noticed Prince Ribbit
  4907 | D:7      | Killed Prince Ribbit
  4942 | D:7      | Reached XP level 10. HP: 54/63 MP: 6/10
  5263 | D:8      | Found Degitef's Book Shop.
  5487 | D:8      | Reached **** piety under Trog
  5498 | D:8      | Reached skill level 11 in Stealth
  5576 | D:8      | Found a shattered altar of Ashenzari.
  5750 | D:8      | Noticed a komodo dragon
  5760 | D:8      | Killed a komodo dragon
  5806 | D:8      | Reached skill level 12 in Stealth
  5854 | D:8      | Noticed a komodo dragon
  5867 | D:8      | Killed a komodo dragon
  5868 | D:8      | Found a staircase to the Lair.
  6055 | D:8      | Found a shadowy altar of Dithmenos.
  6467 | D:9      | Reached XP level 11. HP: 42/69 MP: 7/11
  6486 | D:9      | Got a translucent ring mail
  6487 | D:9      | Identified the cursed +0 ring mail "Likhlost" {rCorr Str+7} (You found it on level 9 of the Dungeon)
  6783 | D:9      | Found an iron altar of Okawaru.
  7004 | D:10     | Entered Level 10 of the Dungeon
  7189 | D:10     | Reached skill level 13 in Stealth
  7286 | D:10     | Reached skill level 1 in Evocations
  7304 | D:10     | Found a staircase to the Orcish Mines.
  7850 | D:10     | Reached skill level 5 in Dodging
  8544 | D:11     | Reached skill level 14 in Stealth
  8660 | D:11     | Noticed a purple ugly thing
  8763 | D:11     | Noticed a manticore
  8766 | D:11     | Killed a manticore
  8841 | D:11     | Killed a purple ugly thing
  8841 | D:11     | Reached skill level 10 in Fighting
  8894 | D:11     | Killed an unseen horror
  8894 | D:11     | Reached XP level 12. HP: 47/77 MP: 7/12
  9034 | D:11     | Killed an unseen horror
  9497 | Lair:1   | Entered Level 1 of the Lair of Beasts
  9573 | Lair:1   | Noticed spiff's ghost (journeyman OgMo)
  9593 | Lair:1   | Killed spiff's ghost
  9902 | Lair:1   | Noticed an eight-headed hydra
  9909 | Lair:1   | Killed an eight-headed hydra
 10437 | Lair:2   | Found a staircase to the Swamp.
 10559 | Lair:2   | Noticed a six-headed hydra
 10651 | Lair:2   | Reached skill level 15 in Stealth
 10850 | Lair:2   | Found a dark tunnel.
 10884 | Volcano  | Entered a volcano
 11133 | Lair:2   | Killed a six-headed hydra
 11395 | Lair:2   | Reached skill level 16 in Stealth
 11395 | Lair:2   | Reached XP level 13. HP: 84/84 MP: 14/14
 11895 | Lair:3   | Found a hole to the Spider Nest.
 12034 | Lair:3   | Reached skill level 17 in Stealth
 12343 | Lair:4   | Reached ***** piety under Trog
 12362 | Lair:4   | Reached skill level 10 in Dodging
 12532 | Lair:4   | Found a labyrinth entrance.
 12553 | Lab      | Entered a labyrinth
 12924 | Lab      | Found an exit through the horrors of the Abyss.
 13298 | Lab      | Noticed a minotaur
 13316 | Lab      | Killed a minotaur
 13333 | Lab      | Got a shimmering helmet
 13346 | Lair:4   | Identified the +2 helmet "Wakesh" {+Inv rPois Regen+} (You found it in a labyrinth)
 14300 | Lair:5   | Found a viscous altar of Jiyva.
 14303 | Lair:5   | Found a staircase to the Slime Pits.
 14311 | Lair:5   | Noticed a five-headed hydra
 14799 | Lair:6   | Entered Level 6 of the Lair of Beasts
 14877 | Lair:6   | Noticed a six-headed hydra
 14900 | Lair:6   | Killed a six-headed hydra
 14992 | Lair:6   | Noticed a four-headed hydra
 15004 | Lair:6   | Killed a four-headed hydra
 15017 | Lair:6   | Reached skill level 18 in Stealth
 15017 | Lair:6   | Reached XP level 14. HP: 92/92 MP: 15/15
 15214 | Lair:6   | Reached skill level 15 in Short Blades
 15459 | Lair:6   | Found a blossoming altar of Fedhas.
 16039 | Lair:6   | Reached skill level 5 in Armour
 17234 | Orc:1    | Entered Level 1 of the Orcish Mines
 17345 | Orc:2    | Entered Level 2 of the Orcish Mines
 17345 | Orc:2    | Noticed Sonja
 17361 | Orc:2    | Found a staircase to the Elven Halls.
 17366 | Orc:2    | Found Exig's Antique Armour Boutique.
 17385 | Orc:2    | Killed Sonja
 17456 | Orc:2    | Reached skill level 1 in Shields
 17871 | Orc:2    | Reached XP level 15. HP: 97/97 MP: 16/16
 18009 | Elf:1    | Entered Level 1 of the Elven Halls
 18389 | Orc:2    | Received a gift from Trog
 18528 | Orc:2    | Noticed Rupert
 18613 | Orc:2    | Killed Rupert
 18858 | Orc:2    | Found Miepemm's Magic Scroll Boutique.
 18859 | Orc:2    | Found Suwaosche's Armour Shoppe.
 18867 | Orc:2    | Bought a scroll of enchant weapon for 112 gold pieces
 18867 | Orc:2    | Bought a scroll of enchant weapon for 112 gold pieces
 18872 | Orc:2    | Found Vated's Assorted Antiques.
 19170 | D:12     | Found a stormy altar of Qazlal.
 19388 | D:12     | Reached skill level 5 in Shields
 20070 | D:13     | Found Xoanaup's Food Shoppe.
 20274 | D:13     | Found Okammun's Antique Weapon Boutique.
 20334 | D:13     | Received a gift from Trog
 21187 | D:14     | Found a blossoming altar of Fedhas.
 21245 | D:14     | Reached skill level 19 in Stealth
 21315 | D:14     | Reached XP level 16. HP: 106/106 MP: 17/17
 21845 | D:14     | Found Fupeump's Distillery.
 22311 | D:14     | Found a gate to the Vaults.
 22476 | D:15     | Entered Level 15 of the Dungeon
 22476 | D:15     | Found Paarunen's Magic Scroll Boutique.
 22540 | D:15     | Found Loaga's Gadget Boutique.
 22661 | D:15     | Received a gift from Trog
 22712 | D:15     | Found a staircase to the Depths.
 23388 | Elf:1    | Cast into level 3 of the Abyss (battleaxe of distortion)
 23388 | Abyss:3  | Found a corrupted altar of Lugonu.
 23489 | Abyss:3  | Gained mutation: Your natural rate of healing is unusually fast. [a cacodemon]
 23513 | Abyss:3  | Gained mutation: You expend magic power (3 MP) to strengthen your wands. [a cacodemon]
 23520 | Abyss:3  | Gained mutation: Your magical capacity is low. (-10% MP) [a cacodemon]
 23720 | Abyss:3  | Found a corrupted altar of Lugonu.
 23821 | Abyss:3  | Noticed a tentacled starspawn
 23851 | Abyss:3  | Killed a tentacled starspawn
 24033 | Abyss:3  | Noticed a tentacled starspawn
 24152 | Abyss:3  | Lost mutation: Your magical capacity is low. (-10% MP) [potion of cure mutation]
 24152 | Abyss:3  | Lost mutation: You expend magic power (3 MP) to strengthen your wands. [potion of cure mutation]
 24152 | Abyss:3  | Lost mutation: Your natural rate of healing is unusually fast. [potion of cure mutation]
 24279 | Elf:1    | Escaped the Abyss
 24303 | Elf:1    | Cast into level 2 of the Abyss (battleaxe of distortion)
 24386 | Abyss:2  | Noticed a bone dragon
 24598 | Abyss:2  | Paralysed by accursed screaming for 1 turns
 24602 | Abyss:2  | Paralysed by accursed screaming for 1 turns
 24605 | Abyss:2  | Paralysed by accursed screaming for 2 turns
 24608 | Abyss:2  | Paralysed by accursed screaming for 2 turns
 24611 | Abyss:2  | Killed from afar by a starcursed mass

Skill      XL: |  1  2  3  4  5  6  7  8  9 10 11 12 13 14 15 16 |
---------------+-------------------------------------------------+-----
Stealth        | 1 2 3 4 5 6 8 10 12 14 16 18 19 | 19.7
Short Blades   | 5 6 7 8 10 11 13 14 15 16 17 | 17.5
Fighting       | 4 5 6 7 8 10 11 12 14 | 14.7
Dodging        | 3 7 9 10 11 13 | 13.9
Evocations     | 1 2 |  2.1
Armour         | 3 6 |  6.1
Shields        | 1 5 |  5.6

Action                   |  1- 3 |  4- 6 |  7- 9 | 10-12 | 13-15 | 16-18 || total
-------------------------+-------+-------+-------+-------+-------+-------++-------
Melee: Short sword       |   101 |   128 |   316 |   789 |  1705 |   724 ||  3763
       Dagger            |       |       |       |     3 |    24 |   191 ||   218
Invok: Berserk           |     2 |     4 |     9 |    12 |    18 |    10 ||    55
       Trog's Hand       |       |     1 |     9 |    11 |    30 |    22 ||    73
       Burn Spellbooks   |       |       |     1 |       |     2 |     1 ||     4
       Brothers in Arms  |       |       |       |     1 |     2 |     3 ||     6
Evoke: Wand              |       |       |       |    12 |     3 |     4 ||    19
       Lamp of fire      |       |       |       |       |       |     1 ||     1
  Use: Potion            |     2 |     5 |     2 |     2 |     1 |     9 ||    21
       Scroll            |     2 |     4 |     6 |    16 |    13 |     6 ||    47
 Stab: Sleeping          |     4 |     2 |     9 |    40 |    67 |    13 ||   135
       Distracted        |       |     1 |       |     2 |     3 |     3 ||     9
  Eat: Chunk             |    10 |    10 |    15 |    46 |    59 |     8 ||   148
       Meat ration       |       |       |       |     1 |     2 |     3 ||     6
Armor: Animal skin       |    25 |     9 |     6 |       |       |       ||    40
       Leather armour    |       |       |    29 |       |       |       ||    29
       Ring mail         |       |       |    35 |   208 |   266 |   186 ||   695
Dodge: Dodged            |    74 |    86 |   170 |   437 |   882 |   769 ||  2418
Block: Buckler           |       |       |       |       |   202 |   304 ||   506
